[Event "*** Titled Tuesday 3|2 Blitz"]
[Site "Chess.com"]
[Date "2016.05.03"]
[Round "9"]
[White "sandropozo"]
[Black "StellarChessPro"]
[Result "0-1"]
[WhiteElo "2300"]
[BlackElo "2302"]
[TimeControl "180+2"]
[EndTime "19:04:05 PDT"]
[Termination "StellarChessPro won on time"]

1. d4 d5 2. c4 c6 3. cxd5 cxd5 4. Nc3 Nf6 5. Bf4 a6 6. e3 e6 7. Bd3 Be7 8. Nf3 O-O 9. h3 Nbd7 10. O-O b5 11. Ne5 Bb7 12. Rc1 Rc8 13. Qe2 Nxe5 14. Bxe5 b4 15. Na4 Qa5 16. b3 Nd7 17. Bg3 g6 18. Bf4 Rfe8 19. Qd2 Bc6 20. Qe2 Bb5 21. Rfd1 Bxd3 22. Qxd3 Qb5 23. Qd2 Nb6 24. Nc5 Nd7 25. Nd3 a5 26. Bc7 Bd8 27. Bd6 Bb6 28. h4 Qa6 29. Nc5 Qb5 30. Rc2 Qc6 31. Bf4 Nxc5 32. dxc5 Bc7 33. Bxc7 Rxc7 34. Qd4 Rd7 35. Qe5 Qc7 36.
Qf6 Qd8 37. Qf4 Qc7 38. Qf6 Qd8 39. Qxd8 Rexd8 40. c6 Rc7 41. Rdc1 Rdc8 42. f4 Kf8 43. Rc5 Ke7 44. Rxa5 Rxc6 45. Rxc6 Rxc6 46. Ra7+ Kf6 47. Rb7 Rc2 48. Rxb4 Rxa2 49. Kh2 h5 50. Kg3 Rb2 51. Kf3 Rc2 52. Rb7 Rc3 53. Kf2 Rc2+ 54. Kf3 Rc3 55. Kf2 Kg7 56. b4 Rc2+ 57. Kf3 Rc3 58. Ke2 Rc2+ 59.
Kf3 Rc3 60. Ke2 Rb3 61. b5 Kf8 62. b6 Kg7 63. Rb8 f6 64. b7 e5 65. fxe5 fxe5 66. Kd2 Rb6 67. Kc3 Rb1 68. Kd3 Rb3+ 69. Kc2 Rb6 70. Kc3 Rb1 71. Re8 Rxb7 72. Rxe5 Rc7+ 73. Kd3 Rc5 74. Kd4 Rc4+ 75. Kxd5 Rxh4 76. Re7+ Kf6 77. Ra7 Rh2 78. Ra2 h4 79. e4 Kg5 80. e5 h3 81. e6 hxg2 82. e7 g1=Q 83. Rxh2 Qxh2 84. e8=Q Qd2+ 85. Kc4 Qf4+ 86. Kd3 Qf3+ 87. Kd4 Kh5 88.
Qh8+ Kg4 89. Qc8+ Qf5 90. Qd8 Kg3 91. Ke3 Qf3+ 92. Kd2 Qf4+ 93. Ke2 g5 94. Qe7 Qf2+ 95. Kd3 g4 96. Qe5+ Qf4 97. Qe1+ Qf2 98. Qe5+ Kg2 99. Kc4 Qf1+ 100. Kb4 Qf3 101. Ka5 g3 102. Qb2+ Qf2 103. Qb7+ Kg1 104. Qb1+ Kg2 105. Qe4+ Kh2 106. Qh4+ Kg1 107. Qg4 Qe1+ 108. Ka4 Qe3 109. Ka5 Kf2 110. Qf5+ Ke2 111. Qg4+ Kd2 112. Qd7+ Qd3 113. Qg4 Qe3 114. Qd7+ Ke2 115. Qg4+ Qf3 116. Qc4+ Kf2 117. Qd4+ Qe3 118. Qg4 Kg1 119. Qd1+ Kg2 120. Qc2+ Kf1 121. Qc4+ Kf2 122. Qf7+ Ke1 123. Qg6 Qd2+ 124. Ka4 g2 125. Qe4+ Kf1 126. Qf3+ Ke1 127. Qg3+ Kd1 128. Qf3+ Kc1 129. Qa3+ Qb2 130. Qe3+ Kb1 131. Qg1+ Ka2 132. Qe1 Qd4+ 133. Kb5 g1=Q 0-1

[Event "*** Titled Tuesday 3|2 Blitz"]
[Site "Chess.com"]
[Date "2016.05.03"]
[Round "9"]
[White "Tonychess32"]
[Black "AlexanderL"]
[Result "1/2-1/2"]
[WhiteElo "2460"]
[BlackElo "2575"]
[TimeControl "180+2"]
[EndTime "19:04:45 PDT"]
[Termination "Game drawn by agreement"]

1. e4 e6 2. d4 d5 3. Nd2 c5 4.
exd5 Qxd5 5. Ngf3 cxd4 6. Bc4 Qd6 7. O-O Nf6 8. Nb3 Nc6 9. Nbxd4 Nxd4 10. Nxd4 a6 11. Re1 Qc7 12. Bb3 Be7 13. Qf3 O-O 14. Bf4 Qc5 15. c3 Bd6 16. Bxd6 Qxd6 17. Rad1 Qc7 18. Bc2 Bd7 19. Re3 Rfd8 20. Rde1 Bc6 21. Qe2 Bd5 22. Rg3 Qc5 23. Qe3 Qf8 24. Qg5 Kh8 25. Rh3 h6 26. Qf4 Rac8 27. Ree3 Ng8 28. a3 Rc5 29. Reg3 Bc6 30. Qe3 Nf6 31. Rh4 Rh5 32.
Rxh5 Nxh5 33. Rh3 Nf6 34. Rh4 Kg8 35. Rh3 Qd6 36. Rg3 Kf8 37. h3 Nh5 38. Rg4 Nf6 39.
Rg3 Qd5 40. Kh2 Bd7 41. Kg1 Qd6 42. Rf3 Bc8 43. Rg3 e5 44. Nf5 Bxf5 45. Bxf5 Re8 46. Kh2 e4 47. Kg1 Re5 48. Bg4 h5 49. Be2 h4 50.
Rg5 Nd5 51. Qc1 Qf6 52. Rxe5 Qxe5 53. Bc4 Nf4 54. Qd2 Ke7 55. Be2 g5 56. Bf1 f5 57.
Qe3 Nd5 58. Qc5+ Qd6 59. Qd4 Nf6 60. Qe3 f4 61. Qa7 Qc7 62. Qd4 Qd6 63. Qa7 Qc6 64. Qd4 Qd5 65. Qb4+ Kd7 66. Bc4 Qc6 67. Bb3 b5 68.
Qd4+ Qd6 69. Qa7+ Kd8 70. Qa8+ Ke7 71. Qb7+ Nd7 72. Qxe4+ Kd8 73. Qa8+ Ke7 74. Qe4+ Kd8 75. Qf5 Qe5 76. Qd3 Kc7 77. Bc2 Qe1+ 78. Qf1 Qd2 79. Qd3 Qc1+ 80. Kh2 Qxb2 81. c4 b4 82. axb4 Qxb4 83.
Qd4 Qc5 84. Qd2 Ne5 85. Be4 Nxc4 86. Qc3 Kb6 87. Qf6+ Nd6 88. Bf3 a5 89. Qb2+ Kc7 90.
Qg7+ Kb6 91. Qb2+ Qb4 92. Qe5 a4 93. Qxg5 a3 94. Qd8+ Kc5 95. Qc7+ Kd4 96. Qg7+ Kd3 97.
Qg6+ Kd2 98. Qe6 Nb5 99. Qe2+ Kc1 100. Be4 Nd4 101. Qf1+ Kd2 102. Qd3+ Kc1 103. Qf1+ Kb2 104. Qb1+ Kc3 105. Qd3+ Kb2 106. Qb1+ Kc3 107. Qc1+ Kb3 108. Qd1+ Kc4 109. Qc1+ Qc3 110. Qxf4 Kb3 111. Qf7+ Kb2 112. Bd5 Nb3 113. Bxb3 Qxb3 114. Qf6+ Qc3 115. Qb6+ Ka1 116. Qb5 a2 117. Qf1+ Kb2 118. Qe2+ Qc2 119. Qb5+ Kc1 120. Qg5+ Kd1 121. Qd5+ Ke1 122. Qe5+ Kf1 123. Qb5+ Kxf2 124. Qb6+ Kf1 125. Qb5+ Ke1 126. Qb4+ Kd1 127. Qd4+ Qd2 128. Qa4+ Ke1 129. Qxh4+ Kf1 130. Qc4+ Kf2 131. Qh4+ Ke2 132. Qe4+ Kd1 133. Qa4+ Kc1 134. Qc4+ Qc2 135. Qf1+ Kb2 136. Qb5+ Qb3 137. Qe2+ Ka3 138. Qa6+ Qa4 139. Qd3+ Kb2 140. Qd2+ Qc2 141. Qb4+ Qb3 142. Qd2+ Kb1 143. Qe1+ Kc2 144. Qe2+ Kc3 145. Qe3+ Kb2 146. Qd2+ Qc2 147. Qb4+ Kc1 148. Qe1+ Qd1 149. Qc3+ Kb1 150. Qb4+ Kc1 151. Qc3+ Qc2 152. Qe1+ Kb2 153. Qb4+ Ka1 154. Qe1+ Kb2 155. Qb4+ Qb3 156. Qd2+ Ka3 157. Qa5+ Kb2 158. Qd2+ Kb1 159. Qe1+ 1/2-1/2